 Dungeon Crawl Stone Soup version 0.21-a0-94-gdd6ab6a (webtiles) character file.

25989 Ordine the Basher (level 13, -2/112 HPs)
             Began as a Gargoyle Fighter on July 3, 2017.
             Was a High Priest of Okawaru.
             Slain by Rupert
             ... wielding a +2 great sword of draining
              (39 damage)
             ... on level 3 of the Lair of Beasts.
             The game lasted 00:37:07 (13346 turns).

Ordine the Basher (Gargoyle Fighter)               Turns: 13346, Time: 00:37:08

Health: -2/112     AC: 26    Str: 19    XL:     13   Next: 23%
Magic:  16/16      EV:  2    Int: 11    God:    Okawaru [*****.]
Gold:   878        SH: 20    Dex: 13    Spells: 11/12 levels left

rFire    . . .     SeeInvis +   y - +2 demon whip (vamp)
rCold    + . .     Gourm    .   c - +1 shield
rNeg     + + +     Faith    .   (armour currently unavailable)
rPois    ∞         Spirit   .   (helmet currently unavailable)
rElec    .         Reflect  +   (cloak currently unavailable)
rCorr    .         Harm     .   (gloves currently unavailable)
MR       .....     NoTele   +   (boots currently unavailable)
Stlth    +.........             x - +6 amulet of reflection
HPRegen  0.28/turn              k - ring of see invisible
MPRegen  0.15/turn              a - ring "Okeaxoto" {rC+ rN+}

@: tree-form
A: negative energy resistance 1, petrification resistance, rot immunity, AC +9
a: Heroism, Finesse, Renounce Religion


You were on level 3 of the Lair of Beasts.
You worshipped Okawaru.
Okawaru was extremely pleased with you.
You were not hungry.
You were a tree.
You visited 3 branches of the dungeon, and saw 14 of its levels.

You collected 878 gold pieces.

Inventory:

Hand Weapons
 y - a +2 vampiric demon whip (weapon)
Armour
 c - a +1 shield (worn)
 g - a +0 helmet (melded)
 i - a +0 pair of boots (melded)
 r - a +0 cloak (melded)
 v - a +3 chain mail (melded)
Jewellery
 a - the ring "Okeaxoto" (right branch) {rC+ rN+}
   (You found it on level 4 of the Dungeon)

   [ring of protection from cold]

   It protects you from cold.
   It protects you from negative energy.
 k - a ring of see invisible (left branch)
 x - a +6 amulet of reflection (around neck)
Wands
 b - a wand of acid (7/15)
 G - a wand of iceblast (12/15)
Scrolls
 h - 6 scrolls of teleportation
 j - 3 scrolls of magic mapping
 l - 4 scrolls of fog
 J - 2 scrolls of remove curse
Potions
 e - a potion of lignification
 n - a potion of might
 s - a potion of flight
 t - 2 potions of agility
 z - 2 potions of brilliance
 A - 2 potions of curing {unknown}
 B - a potion of invisibility
 H - 2 potions of mutation {unknown}
 K - a potion of cancellation {unknown}
Comestibles
 d - 9 chunks of flesh
 f - 7 bread rations
 o - 9 royal jellies
 p - 4 meat rations


   Skills:
 + Level 6.4 Fighting
 - Level 14.0 Maces & Flails
 + Level 6.5 Armour
 + Level 3.6 Dodging
 * Level 13.5 Shields
 - Level 5.0 Translocations
 + Level 4.9 Invocations


You had 11 spell levels left.
You knew the following spells:

 Your Spells              Type           Power        Failure   Level  Hunger
a - Apportation           Tloc           ##....       5%          1    ##.....


Dungeon Overview and Level Annotations

Branches:
Dungeon (10/15)            Temple (1/1) D:6            Lair (2/6) D:10
  Swamp: Lair:2-4    Shoals: Lair:2-4     Snake: Lair:2-4    Spider: Lair:2-4
    Orc: D:9-12

Altars:
Ashenzari
Cheibriados
Dithmenos
Elyvilon
Fedhas
Gozag
Hepliaklqana
Kikubaaqudgha
Makhleb
Nemelex Xobeh
Okawaru
Qazlal
Ru
Sif Muna
Trog
Uskayaw
Vehumet
Wu Jian
Xom
Yredelemnul
Zin
The Shining One

Annotations:
Lair:3 Rupert


Innate Abilities, Weirdness & Mutations

You are resistant to torment.
((Your stone body is resilient. (AC +9)))
You are immune to poison.
You resist negative energy. (rN+)
((You are resistant to electric shocks. (rElec)))
((You can survive without breathing.))
You are immune to petrification.
You are immune to rotting.


Message History

You block Rupert's attack.
You barely miss Rupert.
Rupert is almost dead.
You hit Rupert but do no damage.
Rupert is almost dead.
Rupert hits you with a great sword of draining!!
You are too injured to fight recklessly!
You are too injured to fight recklessly!
You are too injured to fight recklessly!
You are too injured to fight recklessly!
You are too injured to fight recklessly!
You whack Rupert!
You feel better.
Rupert is almost dead.
You whack Rupert!
You feel better.
Rupert is almost dead.
Rupert hits you with a great sword of draining!
You hit Rupert but do no damage.
Rupert is almost dead.
Rupert hits you with a great sword of draining!!!
You die...

###.## ##
##.#######.#
##........### .
#...........###
..
###...........#
...
#...........#...#
#.........P.P..#
##.......##.P.#
#......#♣...P#
##..#.##@..###
#..#.#....#
#.#..#....##
##..##....# ..
...... ..........
...P##...


You could see Rupert (berserk).

Vanquished Creatures
  A very ugly thing (D:10)
  Erolcha (D:9)
  2 two-headed ogres
  2 wizards (D:10)
  Pikel (D:7)
  The ghost of MirrMurr the Cleaver, a novice HOFi (D:6)
  6 ugly things (D:10)
  An elephant (D:10)
  Psyche (D:10)
  A gargoyle (D:7)
  Grinder (D:4)
  A troll (D:8)
  3 hippogriffs
  4 slime creatures (D:10)
  A vampire (D:9)
  17 yaks
  Eustachio (D:3)
  2 basilisks
  Grum (D:8)
  3 water moccasins (Lair:1)
  Duvessa (D:4)
  4 ice beasts
  3 orc warriors
  2 sky beasts
  A slave (D:8)
  2 black bears (D:8)
  An eye of draining (D:10)
  A necrophage (D:9)
  3 wolves (D:8)
  A centaur (D:10)
  5 ogres
  A big kobold (D:10)
  4 crocodiles
  9 bullfrogs
  Dowan (D:4)
  A gnoll sergeant (D:7)
  A wyvern skeleton (D:6)
  A water moccasin zombie (D:4)
  5 scorpions
  26 killer bees
  3 wights (D:7)
  6 howler monkeys
  3 crimson imps
  3 centaur zombies
  2 jellies
  5 orc priests
  7 hounds
  A centaur skeleton (D:7)
  Crazy Yiuf (D:4)
  10 orc wizards
  Jessica (D:3)
  4 iguanas
  6 worker ants
  A killer bee zombie (D:8)
  2 worker ant zombies
  Robin (D:3)
  7 gnolls
  A howler monkey skeleton (D:4)
  13 adders
  A shadow imp (D:8)
  3 adder zombies
  An adder skeleton (D:3)
  4 worms
  4 dart slugs
  8 leopard geckos
  51 orcs
  A ball python (D:3)
  11 bats
  3 giant cockroaches
  20 goblins
  11 hobgoblins
  6 jackals
  7 quokkas
  8 frilled lizards
  A giant cockroach zombie (D:3)
  A jackal zombie (D:3)
  20 kobolds
  A leopard gecko zombie (D:3)
  2 quokka skeletons
  2 quokka zombies
  9 rats
  A plant (Lair:1)
377 creatures vanquished.

Vanquished Creatures (others)
  Sonja (Lair:1)
  A hungry ghost (D:7)
  An ice beast (D:7)
  A centaur (D:7)
  A worker ant (D:9)
5 creatures vanquished.

Grand Total: 382 creatures vanquished

Notes
Turn   | Place    | Note
-------+----------+-------------------------------------------
     0 | D:1      | Ordine the Gargoyle Fighter began the quest for the Orb.
     0 | D:1      | Reached XP level 1. HP: 14/14 MP: 1/1
   268 | D:1      | Reached XP level 2. HP: 19/19 MP: 2/2
   470 | D:1      | Reached XP level 3. HP: 17/23 MP: 3/3
   619 | D:1      | HP: 1/23 [worm (6)]
  1068 | D:1      | Reached skill level 3 in Maces & Flails
  1437 | D:2      | Reached XP level 4. HP: 24/28 MP: 4/4
  1743 | D:3      | Noticed Jessica
  1747 | D:3      | Killed Jessica
  1747 | D:3      | Reached skill level 4 in Maces & Flails
  1750 | D:3      | Reached XP level 5. HP: 29/32 MP: 5/5
  2256 | D:3      | Reached skill level 5 in Maces & Flails
  2256 | D:3      | Reached skill level 5 in Shields
  2256 | D:3      | Reached XP level 6. HP: 34/37 MP: 6/6
  2630 | D:3      | Noticed Robin
  2641 | D:3      | Killed Robin
  2959 | D:3      | Found an iron altar of Okawaru.
  2966 | D:3      | Became a worshipper of Warmaster Okawaru
  3023 | D:4      | Noticed Duvessa
  3023 | D:4      | Noticed Dowan
  3053 | D:4      | Killed Duvessa
  3053 | D:4      | Reached skill level 6 in Maces & Flails
  3053 | D:4      | Reached XP level 7. HP: 32/41 MP: 7/7
  3069 | D:4      | HP: 2/41 [Dowan/shard of ice (13)]
  3075 | D:4      | Killed Dowan
  3310 | D:4      | Reached * piety under Okawaru
  3342 | D:4      | Found a blossoming altar of Fedhas.
  3343 | D:4      | Found a white marble altar of Elyvilon.
  3343 | D:4      | Found a radiant altar of Vehumet.
  3346 | D:4      | Found a sparkling altar of Nemelex Xobeh.
  3346 | D:4      | Found a burning altar of Makhleb.
  3346 | D:4      | Found an opulent altar of Gozag.
  3346 | D:4      | Noticed Eustachio
  3572 | D:3      | Killed Eustachio
  3572 | D:3      | Reached skill level 7 in Maces & Flails
  3689 | D:4      | Reached XP level 8. HP: 18/46 MP: 8/8
  4100 | D:4      | Got a transparent pewter ring
  4246 | D:4      | Identified the ring "Okeaxoto" {rC+ rN+} (You found it on level 4 of the Dungeon)
  4286 | D:4      | Noticed Grinder
  4302 | D:4      | Killed Grinder
  4302 | D:4      | Reached ** piety under Okawaru
  4302 | D:4      | Reached skill level 8 in Maces & Flails
  4325 | D:4      | Found a runed door.
  4360 | D:4      | Found a shattered altar of Ashenzari.
  4641 | D:4      | Noticed Crazy Yiuf
  4649 | D:4      | Killed Crazy Yiuf
  4720 | D:5      | Entered Level 5 of the Dungeon
  4796 | D:5      | Found a hazy altar of Hepliaklqana.
  5168 | D:5      | Reached skill level 9 in Maces & Flails
  5202 | D:5      | Found a stormy altar of Qazlal.
  5527 | D:5      | Reached XP level 9. HP: 38/51 MP: 9/9
  5761 | D:6      | Noticed MirrMurr's ghost (novice HOFi)
  5768 | D:6      | Killed MirrMurr's ghost
  5768 | D:6      | Reached *** piety under Okawaru
  5768 | D:6      | Reached skill level 10 in Maces & Flails
  5788 | D:6      | Found a staircase to the Ecumenical Temple.
  5803 | Temple   | Entered the Ecumenical Temple
  6923 | D:7      | Reached skill level 11 in Maces & Flails
  7015 | D:7      | Reached **** piety under Okawaru
  7020 | D:7      | Reached XP level 10. HP: 56/56 MP: 10/10
  7180 | D:7      | Noticed a gargoyle
  7217 | D:7      | Killed a gargoyle
  7369 | D:7      | Reached skill level 10 in Shields
  7385 | D:7      | Reached skill level 12 in Maces & Flails
  7660 | D:7      | Reached ***** piety under Okawaru
  7686 | D:7      | Learned a level 1 spell: Apportation
  7859 | D:7      | Found a stormy altar of Qazlal.
  8029 | D:8      | Noticed Pikel
  8047 | D:7      | Killed Pikel
  8204 | D:8      | Noticed a two-headed ogre
  8309 | D:8      | Reached skill level 13 in Maces & Flails
  8309 | D:8      | Reached skill level 5 in Translocations
  8309 | D:8      | Reached XP level 11. HP: 16/60 MP: 11/11
  8312 | D:8      | HP: 3/60 [two-headed ogre/giant club (14)]
  8631 | D:8      | Killed a two-headed ogre
  8637 | D:8      | Reached skill level 14 in Maces & Flails
  8729 | D:8      | Noticed Grum
  8767 | D:8      | Reached XP level 12. HP: 59/64 MP: 12/12
  8787 | D:8      | Killed Grum
  9113 | D:8      | You fall through a shaft!
  9151 | D:9      | Noticed Erolcha
  9455 | D:8      | Reached skill level 1 in Dodging
  9463 | D:8      | Reached skill level 1 in Invocations
  9525 | D:9      | Killed Erolcha
  9945 | D:9      | Got a faintly glowing long sword
 10354 | D:9      | Noticed a two-headed ogre
 10380 | D:9      | Killed a two-headed ogre
 10384 | D:9      | Identified a scroll of acquirement
 10876 | D:10     | Entered Level 10 of the Dungeon
 10931 | D:10     | Received a gift from Okawaru
 11053 | D:10     | Got a smoking scale mail
 11141 | D:10     | Found a staircase to the Lair.
 11273 | D:10     | Reached skill level 5 in Armour
 11497 | D:10     | Noticed Psyche
 11502 | D:10     | Killed Psyche
 11502 | D:10     | Reached skill level 5 in Fighting
 11757 | D:10     | Received a gift from Okawaru
 11777 | D:10     | Got a dazzling demon blade {god gift}
 12024 | D:10     | Noticed a red very ugly thing
 12048 | D:10     | Reached XP level 13. HP: 74/74 MP: 14/16
 12078 | D:10     | Killed a red very ugly thing
 12283 | Lair:1   | Entered Level 1 of the Lair of Beasts
 12381 | Lair:1   | Identified the +4 scale mail of the Sneaky Songs {rC+ MR++ MP+9 Dex-3} (You found it on level 10 of the Dungeon)
 12512 | Lair:1   | Noticed Sonja
 12535 | Lair:1   | Killed Sonja
 13145 | Lair:1   | Identified the +8 long sword of Ambiguity {slice, +Inv rF+++ Int+7 Dex-4} (You found it on level 9 of the Dungeon)
 13146 | Lair:1   | Identified the +7 demon blade of the Coin {pain, *Slow rC+ MR- Str+6} (Okawaru gifted it to you on level 10 of the Dungeon)
 13208 | Lair:2   | You fall through a shaft!
 13301 | Lair:3   | Noticed Rupert
 13346 | Lair:3   | Slain by Rupert

Vault maps used:
D:1:      dpeg_arrival_morbid_curiosity, roderic_hopi_sauvastika
D:3:      lemuel_crystal_altar, serial_undead, serial_undead_e, serial_undead_a,
          serial_undead_e, serial_undead_d, uniq_jessica, uniq_robin
D:4:      lemuel_coloured_pillars_altar, grunt_temple_overflow_open,
          uniq_eustachio, uniq_crazy_yiuf_cottage, uniq_grinder, uniq_duvessa
D:5:      overflow_temple_1_default, first_bread, kennysheep_small_circle
D:6:      minmay_temple_entry_glass
D:7:      cheibrodos_fzero, lemuel_doored_altar
D:8:      uniq_grum, uniq_pikel
D:9:      lemuel_ice_spiral_2, uniq_erolcha
D:10:     cheibrodos_breeding_chamber, david_lair_generic, uniq_psyche
Temple:   minmay_temple_forest_path
Lair:1:   hibernation_bobbens, lemuel_fruit_fields, serial_bayou_shore_b,
          uniq_sonja
Lair:2:   swamp_mist, st_stairs_13
Lair:3:   minmay_another_anthill, uniq_rupert

Skill      XL: |  1  2  3  4  5  6  7  8  9 10 11 12 13 |
---------------+----------------------------------------+-----
Shields        | 4 5 6 7 9 11 13 | 13.5
Maces & Flails | 3 4 5 6 7 9 11 13 14 | 14.0
Translocations | 5 |  5.0
Dodging        | 3 |  3.6
Invocations    | 4 |  4.9
Fighting       | 5 6 |  6.4
Armour         | 5 6 |  6.5

Action                   |  1- 3 |  4- 6 |  7- 9 | 10-12 | 13-15 || total
-------------------------+-------+-------+-------+-------+-------++-------
Melee: Flail             |   169 |   320 |   500 |   598 |       ||  1587
       Demon whip        |       |       |       |   278 |   286 ||   564
Invok: Heroism           |       |       |       |     1 |       ||     1
  Use: Scroll            |     6 |     1 |     4 |     7 |     5 ||    23
       Potion            |       |     2 |     6 |     5 |     1 ||    14
 Stab: Invisible         |       |       |       |     8 |       ||     8
  Eat: Chunk             |     2 |     6 |    13 |    17 |     5 ||    43
       Bread ration      |       |       |       |       |     1 ||     1
Armor: Scale mail        |    98 |   221 |   166 |       |       ||   485
       Skin              |       |       |    12 |       |     2 ||    14
       Chain mail        |       |       |    55 |   279 |    37 ||   371
Dodge: Dodged            |    58 |   128 |   111 |   122 |    19 ||   438
Block: Shield            |   107 |   264 |   333 |   672 |   120 ||  1496
       Reflection        |       |       |       |     9 |     7 ||    16
